AoeStats
← ElPapucho

Oasis

509717771Analyzed
3v3 RM · 3d ago on Sep 27, 2026· 45m 7s· 6 players
Game mode
Random Map
Map size
Normal (6 player)
Population
200
Speed
Normal
Resources
Standard
Victory
Conquest
Starting age
Dark Age
Ending age
Imperial Age
RankedLock teamsTeams togetherTeam positionsShared explorationLock speedFull tech treeHidden civsTurbo modeCheats
Victory
Defeat
🇺🇸 Slavs · United States
871
+14
🇫🇷 Lithuanians · France
825
+15
🇮🇹 Britons · Italy
798
+17
🇦🇷 Britons · Argentina
840
-16
🇦🇷 Spanish · Argentina
824
-16
🇦🇷 Cumans · Argentina
780
-14
Bruin878
13:38 Feudal Age
12:26 Loom
17:30 Bloodlines
20:40 Scale Barding Armor
21:10 Forging
24:13 Horse Collar
29:30 Castle Age
28:15 Wheelbarrow
28:18 Stone Mining
28:20 Gold Mining
28:31 Double-Bit Axe
30:23 Husbandry
32:12 Hand Cart
32:30 Light Cavalry
38:50 Heavy Plow
44:25 Imperial Age
42:19 Chain Barding Armor
42:36 Iron Casting
44:27 Elite Boyar
45:34 Conscription
chazychaz
10:19 Feudal Age
12:42 Horse Collar
15:12 Castle Age
13:02 Double-Bit Axe
15:29 Scale Barding Armor
16:55 Bow Saw
19:29 Wheelbarrow
18:40 Town Watch
18:51 Gold Mining
20:42 Forging
22:36 Husbandry
22:47 Bloodlines
22:53 Bloodlines
22:57 Loom
25:05 Chain Barding Armor
26:04 Town Patrol
26:24 Hand Cart
27:18 Iron Casting
28:41 Heavy Plow
30:10 Elite Skirmisher
30:57 Thumb Ring
30:59 Padded Archer Armor
30:49 Fletching
35:24 Imperial Age
35:37 Bodkin Arrow
36:53 Plate Barding Armor
36:19 Bracer
36:35 Leather Archer Armor
35:53 Cavalier
37:24 Crop Rotation
37:55 Two-Man Saw
36:48 Stone Mining
39:08 Chemistry
38:29 Ballistics
37:50 Treadmill Crane
38:21 Masonry
37:56 Capped Ram
40:50 Ring Archer Armor
41:00 Stone Shaft Mining
43:24 Conscription
43:40 Hoardings
43:22 Paladin
45:08 Guilds
~Giulia~
0:31 Loom
12:47 Feudal Age
13:23 Town Watch
13:25 Double-Bit Axe
16:24 Fletching
20:07 Padded Archer Armor
29:29 Castle Age
27:51 Gold Mining
27:46 Horse Collar
29:37 Elite Skirmisher
29:40 Crossbowman
31:48 Bodkin Arrow
32:48 Leather Archer Armor
34:59 Bow Saw
34:51 Heavy Plow
36:42 Wheelbarrow
38:59 Murder Holes
39:25 Ballistics
40:34 Stone Mining
41:22 Gold Shaft Mining
45:21 Imperial Age
43:21 Pikeman
Nukezito123
6:53 Loom
11:35 Feudal Age
12:52 Wheelbarrow
12:01 Horse Collar
12:22 Double-Bit Axe
21:58 Town Watch
23:37 Forging
23:28 Scale Mail Armor
32:00 Castle Age
32:04 Pikeman
33:50 Hand Cart
38:36 Stone Mining
38:36 Gold Mining
40:06 Bow Saw
40:18 Heavy Plow
ElPapucho
12:41 Feudal Age
13:36 Gold Mining
13:38 Horse Collar
37:45 Castle Age
37:50 Scale Barding Armor
m4r7in4k7826
11:13 Feudal Age
12:19 Gold Mining
12:33 Double-Bit Axe
12:53 Horse Collar
16:57 Padded Archer Armor
16:48 Fletching
30:12 Castle Age
31:07 Bow Saw
30:21 Crossbowman
31:30 Leather Archer Armor
31:50 Elite Skirmisher
36:12 Wheelbarrow
37:10 Bodkin Arrow
44:33 Pikeman
Connection lost

Rejoining the realm…

Still unreachable

The connection could not be restored.

Session expired

The server has moved on; the page needs a fresh start.